 Dungeon Crawl Stone Soup version 0.22.1-2-g9c5b331 (webtiles) character file.

6777 HerrDoktor the Carver (level 10, -6/91 HPs)
             Began as a Minotaur Abyssal Knight on Dec 26, 2018.
             Was an Elder of Lugonu.
             Killed from afar by a gargoyle (17 damage)
             ... with a stone arrow
             ... on level 9 of the Dungeon.
             The game lasted 00:30:53 (12170 turns).

HerrDoktor the Carver (Minotaur Abyssal Knight)    Turns: 12170, Time: 00:30:54

Health: -6/91      AC: 14    Str: 18    XL:     10   Next: 76%
Magic:  0/10       EV:  7    Int:  9    God:    Lugonu [****..]
Gold:   647        SH:  0    Dex: 12    Spells: 9/9 levels left

rFire    . . .     SeeInvis .   p - +1 scimitar
rCold    . . .     Gourm    .   (no shield)
rNeg     . . .     Faith    .   A - +0 plate armour
rPois    +         Spirit   +   (helmet restricted)
rElec    +         Reflect  .   (no cloak)
rCorr    .         Harm     .   (no gloves)
MR       .....                  (no boots)
Stlth    ..........             s - amulet "Osac" {Spirit Fragile +Inv rElec rPois}
HPRegen  0.25/turn              (no ring)
MPRegen  0.12/turn              (no ring)

@: invisible
A: retaliatory headbutt, horns 2
a: Depart the Abyss, Bend Space, Banish, Corrupt, Renounce Religion


You were on level 9 of the Dungeon.
You worshipped Lugonu.
Lugonu was greatly pleased with you.
You were hungry.

You visited 1 branch of the dungeon, and saw 10 of its levels.
You visited the Abyss 1 time.
You also visited: Sewer.

You collected 647 gold pieces.

Inventory:

Hand Weapons
 a - a +1 falchion
 p - a +1 scimitar (weapon)
 z - a +0 long sword
Missiles
 h - 5 tomahawks (quivered)
Armour
 b - a +0 leather armour
 i - a +0 ring mail
 l - a +0 chain mail
 v - a +1 ring mail of positive energy
 A - a +0 plate armour (worn)
Jewellery
 q - a cursed ring of attention
 s - the amulet "Osac" (around neck) {Spirit Fragile +Inv rElec rPois}
   (You found it on level 5 of the Dungeon)

   [amulet of guardian spirit]

   It causes incoming damage to be split between your health and magic.
   It insulates you from electricity.
   It protects you from poison.
   It lets you turn invisible.
   It will be destroyed if unequipped.
 C - an uncursed amulet of rage
Wands
 m - a wand of disintegration (19)
 n - a wand of polymorph (8)
 u - a wand of scattershot (5)
 w - a wand of paralysis (25)
 x - a wand of digging (12)
 G - a wand of random effects (23)
Scrolls
 g - a scroll of random uselessness
 r - 2 scrolls of teleportation
 t - 2 scrolls of enchant armour
 y - a scroll of identify
 B - a scroll of remove curse
 D - 3 scrolls of summoning {unknown}
 F - a scroll of acquirement {unknown}
Potions
 d - a potion of cancellation
 e - 2 potions of degeneration
 j - 2 potions of lignification
 k - 5 potions of curing
 o - a potion of flight
 E - a potion of berserk rage {unknown}
Comestibles
 c - 13 rations


   Skills:
 + Level 9.3 Fighting
 * Level 14.1 Long Blades
 + Level 9.9 Armour
 + Level 3.0 Dodging
 + Level 2.0 Invocations


You had 9 spell levels left.
You didn't know any spells.
Your spell library contained the following spells:

 Spells                   Type           Power        Failure   Level  Hunger
 Corona                   Hex            #......      100%        1    ##.....
 Ensorcelled Hibernation  Hex/Ice        #.....       100%        2    ###....
 Poisonous Vapours        Pois/Air       #.....       100%        2    ###....
 Confuse                  Hex            #.......     100%        3    ####...
 Conjure Flame            Conj/Fire      #.......     100%        3    ####...
 Dazzling Spray           Conj/Hex       #.....       100%        3    ####...
 Mephitic Cloud           Conj/Pois/Air  #.......     100%        3    ####...
 Tukima's Dance           Hex            #.......     100%        3    ####...
 Freezing Cloud           Conj/Ice/Air   #.........   100%        6    #######
 Ring of Flames           Chrm/Fire      #.........   100%        7    #######


Dungeon Overview and Level Annotations

Branches:
Dungeon (10/15)            Temple (0/1) D:7
   Lair: D:8-11         Orc: D:9-12

Altars:
Ashenzari
Cheibriados
Elyvilon
Gozag
Hepliaklqana
Okawaru
Qazlal
Ru
Sif Muna
Trog
Uskayaw
Wu Jian
Xom
The Shining One

Shops:
D:7 =   D:8 %

Annotations:
D:3 Purgy


Innate Abilities, Weirdness & Mutations

You reflexively headbutt those who attack you in melee.
You have a pair of horns on your head.


Message History

You hit the gargoyle but do no damage.
You headbutt the gargoyle, but do no damage.
The gargoyle is moderately damaged.
The gargoyle hits you with a mace of protection!
* * * LOW HITPOINT WARNING * * *
You hit the gargoyle.
You headbutt the gargoyle, but do no damage.
The gargoyle is moderately damaged.
You closely miss the gargoyle.
The gargoyle is moderately damaged.
The gargoyle hits you with a mace of protection.
* * * LOW HITPOINT WARNING * * *
Space bends around you!
You blink.
The gargoyle hurls a stone arrow at you.
The stone arrow hits you!
* * * LOW HITPOINT WARNING * * *
You fade into invisibility!
The gargoyle hurls a stone arrow at you.
The stone arrow hits you!
You die...

#.............# ###...........#
#.).........# #.....(.....#
#...........# #...........#
#...........# #...........#
#........@..# #...........#
########...........##############
..^.............9................
................>...............)
....................>............
########..........)##############
#.(.........# #...........#


You could see a gargoyle.

Vanquished Creatures
  A two-headed ogre (D:9)
  Pikel (D:7)
  An ugly thing (D:9)
  2 trolls (D:9)
  3 hippogriffs
  A yak (D:9)
  A hungry ghost (D:9)
  Duvessa (D:6)
  3 phantoms
  A hornet zombie (D:9)
  An ice beast (D:8)
  A sky beast (D:9)
  3 orc warriors
  4 ogres
  A necrophage (D:8)
  3 centaurs
  2 big kobolds
  9 bullfrogs
  Dowan (D:6)
  A scorpion (D:8)
  4 wights (D:7)
  2 crimson imps
  A centaur zombie (D:6)
  An orc priest (D:4)
  2 centaur skeletons
  3 jellies
  6 hounds
  4 orc wizards
  3 bullfrog skeletons
  An iron imp (D:6)
  4 iguanas
  6 worker ants
  A worker ant zombie (D:7)
  A gnoll (D:1)
  13 adders
  An ooze (D:1)
  An adder zombie (D:9)
  4 adder skeletons
  8 worms
  5 leopard geckos
  17 orcs
  3 ball pythons
  17 bats
  5 giant cockroaches
  7 hobgoblins
  6 jackals
  3 quokkas
  A ball python skeleton (D:4)
  5 frilled lizards
  9 goblins
  19 kobolds
  3 rats
207 creatures vanquished.

Notes
Turn   | Place    | Note
-------+----------+-------------------------------------------
     0 | Abyss:1  | HerrDoktor the Minotaur Abyssal Knight began the quest for
                  | the Orb.
     0 | Abyss:1  | Reached XP level 1. HP: 19/19 MP: 1/1
    10 | D:1      | Escaped the Abyss
   223 | D:1      | Reached XP level 2. HP: 14/27 MP: 2/2
   520 | D:1      | Reached * piety under Lugonu
   631 | D:1      | Reached XP level 3. HP: 34/34 MP: 3/3
   817 | D:1      | Reached skill level 3 in Long Blades
  1173 | D:2      | Found a sacrificial altar of Ru.
  1334 | D:2      | Reached XP level 4. HP: 32/41 MP: 4/4
  1377 | D:2      | Reached ** piety under Lugonu
  1534 | D:2      | Reached skill level 4 in Long Blades
  2129 | D:3      | Found a hazy altar of Hepliaklqana.
  2219 | D:3      | Found a glowing drain.
  2318 | Sewer    | Entered a sewer
  2376 | Sewer    | Noticed Purgy
  2830 | D:3      | Reached XP level 5. HP: 37/47 MP: 5/5
  3563 | D:4      | Reached skill level 5 in Long Blades
  3959 | D:4      | Noticed a phantom
  4023 | D:4      | Killed a phantom
  4023 | D:4      | Reached skill level 5 in Fighting
  4023 | D:4      | Reached XP level 6. HP: 50/56 MP: 6/6
  4263 | D:4      | Reached skill level 6 in Long Blades
  4935 | D:4      | Reached skill level 5 in Armour
  5115 | D:5      | Entered Level 5 of the Dungeon
  5151 | D:5      | Reached XP level 7. HP: 53/61 MP: 7/7
  5329 | D:5      | Found a shattered altar of Ashenzari.
  5390 | D:5      | Got a coiled emerald amulet
  5413 | D:5      | Found an iron altar of Okawaru.
  5530 | D:5      | Reached *** piety under Lugonu
  5530 | D:5      | Reached skill level 7 in Long Blades
  6091 | D:5      | Identified the amulet "Osac" {Spirit Fragile +Inv rElec
                  | rPois} (You found it on level 5 of the Dungeon)
  6425 | D:6      | Noticed Duvessa
  6484 | D:6      | Killed Duvessa
  6484 | D:6      | Reached skill level 8 in Long Blades
  6484 | D:6      | Reached XP level 8. HP: 64/69 MP: 8/8
  6531 | D:6      | Noticed Dowan
  6563 | D:6      | Killed Dowan
  6714 | D:6      | Found a snail-covered altar of Cheibriados.
  7453 | D:7      | Reached skill level 9 in Long Blades
  7922 | D:7      | Found Nelin's Jewellery Shop.
  7956 | D:7      | Found a glowing golden altar of the Shining One.
  7957 | D:7      | Found an ornate altar of the Wu Jian Council.
  7959 | D:7      | Found a deep blue altar of Sif Muna.
  7959 | D:7      | Found a stormy altar of Qazlal.
  7968 | D:7      | Noticed Pikel
  7985 | D:7      | Killed Pikel
  7985 | D:7      | Reached skill level 10 in Long Blades
  7985 | D:7      | Reached XP level 9. HP: 50/78 MP: 5/9
  8229 | D:7      | Found a staircase to the Ecumenical Temple.
  9371 | D:8      | Found Duv Ytui's Food Emporium.
  9401 | D:8      | Found a snail-covered altar of Cheibriados.
  9453 | D:8      | Reached skill level 11 in Long Blades
  9719 | D:8      | Reached **** piety under Lugonu
  9859 | D:8      | Found a shimmering altar of Xom.
  9860 | D:8      | Found a shimmering altar of Xom.
  9860 | D:8      | Found a shimmering altar of Xom.
  9860 | D:8      | Found a shimmering altar of Xom.
  9860 | D:8      | Found a shimmering altar of Xom.
  9860 | D:8      | Found a shimmering altar of Xom.
  9860 | D:8      | Found a shimmering altar of Xom.
  9860 | D:8      | Found a shimmering altar of Xom.
  9927 | D:8      | Noticed a rime drake
  9927 | D:8      | a tengu changed into a rime drake
 10091 | D:8      | Reached skill level 12 in Long Blades
 10232 | D:8      | Noticed a jumping spider
 10233 | D:8      | Noticed a meliai
 10246 | D:8      | Noticed a fire crab
 10246 | D:8      | a jumping spider changed into a fire crab
 10351 | D:8      | Noticed a komodo dragon
 10440 | D:9      | Noticed a two-headed ogre
 10450 | D:9      | Killed a two-headed ogre
 10450 | D:9      | Reached XP level 10. HP: 79/88 MP: 8/10
 10631 | D:9      | Noticed a green ugly thing
 10732 | D:9      | Reached skill level 13 in Long Blades
 10755 | D:9      | Found an opulent altar of Gozag.
 10755 | D:9      | Found a hide-covered altar of Uskayaw.
 10755 | D:9      | Found a white marble altar of Elyvilon.
 11109 | D:9      | Found a bloodstained altar of Trog.
 11510 | D:9      | Killed a green ugly thing
 12124 | D:10     | Entered Level 10 of the Dungeon
 12137 | D:10     | Noticed a gargoyle
 12143 | D:10     | Reached skill level 14 in Long Blades
 12170 | D:9      | Killed from afar by a gargoyle

Skill      XL: |  1  2  3  4  5  6  7  8  9 10 |
---------------+-------------------------------+-----
Fighting       | 4 5 6 8 9 |  9.3
Armour         | 3 4 5 6 7 9 |  9.9
Long Blades    | 3 4 5 6 8 10 12 14 | 14.1
Dodging        | 2 3 |  3.0
Invocations    | 2 |  2.0

Action                   |  1- 3 |  4- 6 |  7- 9 | 10-12 || total
-------------------------+-------+-------+-------+-------++-------
Melee: Falchion          |    99 |   164 |   284 |       ||   547
       Headbutt          |    13 |    37 |    81 |    32 ||   163
       Unarmed           |       |       |     8 |       ||     8
       Scimitar          |       |       |    92 |   185 ||   277
Throw: Tomahawk          |       |    18 |    27 |     8 ||    53
Invok: Depart the Abyss  |     1 |       |       |       ||     1
       Bend Space        |       |       |       |     2 ||     2
  Use: Scroll            |     6 |     4 |    12 |     2 ||    24
       Potion            |       |       |     2 |     1 ||     3
  Eat: Chunk             |     1 |     6 |     6 |     2 ||    15
       Ration            |       |     2 |     3 |     2 ||     7
Armor: Leather armour    |     7 |       |       |       ||     7
       Ring mail         |     5 |       |       |       ||     5
       Chain mail        |    30 |   105 |   158 |       ||   293
       Plate armour      |       |       |    24 |    93 ||   117
Dodge: Dodged            |    51 |    67 |   134 |    53 ||   305
       Rpst.: Falchion   |    13 |    17 |    28 |       ||    58
       Scimitar          |       |       |     9 |    11 ||    20
